 Dungeon Crawl Stone Soup version 0.21.1-1-g345015fe64 (webtiles) character file.

178837 Jerry the Severer (level 18, -18/147 HPs)
             Began as a Formicid Fighter on Feb 21, 2018.
             Was an Initiate of Gozag.
             Collided with a rock wall (28 damage)
             ... caused by Bai Suzhen
             ... on level 3 of the Shoals.
             The game lasted 02:49:29 (33764 turns).

Jerry the Severer (Formicid Fighter)               Turns: 33764, Time: 02:49:29

Health: -18/147    AC: 39    Str: 28    XL:     18   Next: 52%
Magic:  18/18      EV: 10    Int: 18    God:    Gozag
Gold:   2132       SH: 14    Dex: 10    Spells: 9/17 levels left

rFire    + + .     SeeInvis +   R - +8 mace of Fury {freeze, rF+ Str+3 Int+3}
rCold    + . .     Gourm    .   N - +1 shield {rPois}
rNeg     . . .     Faith    .   c - +8 gold dragon scales
rPois    +         Spirit   .   (helmet unavailable)
rElec    .         Reflect  .   i - +1 cloak
rCorr    .         Harm     .   l - +5 pair of gloves of Utaanais {Str+3}
MR       ++...                  L - +0 pair of boots
Stlth    ..........             B - amulet of regeneration
HPRegen  0.74/turn              O - ring of protection from magic
MPRegen  0.16/turn              x - ring of flight

@: barbed spikes, flying
A: permanent stasis, dig shafts and tunnels, four strong arms, antennae 3
}: 1/15 runes: barnacled
a: Dig, Shaft Self, Potion Petition, Call Merchant, Bribe Branch, Renounce
Religion, Stop Flying


You were on level 3 of the Shoals.
You worshipped Gozag.
Gozag was most pleased with you.
You were hungry.

You visited 4 branches of the dungeon, and saw 27 of its levels.
You also visited: Ossuary and Ice Cave.

You collected 11325 gold pieces.
You spent 4187 gold pieces at shops.
You paid 5006 gold pieces to Gozag.

Inventory:

Hand Weapons
 G - the +4 mace of Dried Tears {freeze, rF++ MP-9 Int+3 Dex+4}
   (You found it in an ice cave)

   It has been specially enchanted to freeze those struck by it, causing extra
   injury to most foes and up to half again as much damage against particularly
   susceptible opponents.
   It can also slow down cold-blooded creatures.
   It affects your intelligence (+3).
   It affects your dexterity (+4).
   It greatly protects you from fire.
   It affects your magic capacity (-9).
 Q - the +5 war axe of Destiny {chop, rF+ MP+9 Str+2}
   (You bought it in a shop on level 9 of the Dungeon)

   It inflicts extra damage upon your enemies.
   It affects your strength (+2).
   It protects you from fire.
   It affects your magic capacity (+9).
 R - the +8 mace of Fury (weapon) {freeze, rF+ Str+3 Int+3}
   (You bought it in a shop on level 9 of the Dungeon)

   It has been specially enchanted to freeze those struck by it, causing extra
   injury to most foes and up to half again as much damage against particularly
   susceptible opponents.
   It can also slow down cold-blooded creatures.
   It affects your strength (+3).
   It affects your intelligence (+3).
   It protects you from fire.
 Y - a +2 broad axe
Armour
 c - +8 gold dragon scales (worn)
 i - a +1 cloak (worn)
 l - the +5 pair of gloves of Utaanais (worn) {Str+3}
   (You found it on level 15 of the Dungeon)

   It affects your strength (+3).
 L - a +0 pair of boots (worn)
 N - a +1 shield of poison resistance (worn)
 Z - the +2 pair of boots "Xoshrylia" {rElec rC- Dex-5 Slay+4}
   (You bought it in a shop on level 2 of the Orcish Mines)

   It affects your dexterity (-5).
   It affects your accuracy and damage with ranged weapons and melee attacks
   (+4).
   It makes you vulnerable to cold.
   It insulates you from electricity.
Jewellery
 s - an uncursed ring of protection from cold
 x - a ring of flight (right hand)
 B - an amulet of regeneration (around neck)
 H - an uncursed ring of resist corrosion
 O - a ring of protection from magic (left hand)
Wands
 e - a wand of flame (34)
 t - a wand of iceblast (18)
 A - a wand of enslavement (9)
 F - a wand of disintegration (51)
 P - a wand of scattershot (11)
 S - a wand of acid (19)
 U - a wand of digging (21)
 V - a wand of paralysis (47)
Scrolls
 g - 2 scrolls of amnesia
 j - 4 scrolls of magic mapping
 p - 20 scrolls of remove curse
 q - 3 scrolls of fear
 y - a scroll of brand weapon
 K - a scroll of fog
 X - a scroll of enchant weapon
Potions
 a - a potion of invisibility
 d - 2 potions of cancellation
 h - 5 potions of brilliance
 k - 6 potions of agility {unknown}
 m - a potion of heal wounds
 n - 4 potions of flight {unknown}
 v - 3 potions of degeneration {unknown}
 w - 7 potions of curing
 z - 3 potions of resistance
 D - 3 potions of ambrosia
 E - 3 potions of magic
 J - 3 potions of mutation
Books
 b - a book of Enchantments

   Spells                             Type                      Level
   a - Cause Fear                     Hexes                        4
   b - Yara's Violent Unravelling     Hexes/Transmutation          5
   c - Silence                        Hexes/Air                    5
   d - Deflect Missiles               Charms/Air                   6
   e - Discord                        Hexes                        8
 o - a book of Transfigurations

   Spells                             Type                      Level
   a - Irradiate                      Conjuration/Transmutation    5
   b - Statue Form                    Transmutation/Earth          6
   c - Hydra Form                     Transmutation                6
   d - Dragon Form                    Transmutation                7
 r - a book of Unlife

   Spells                             Type                      Level
   a - Recall                         Summoning/Translocation      3
   b - Animate Dead                   Necromancy                   4
   c - Borgnjor's Vile Clutch         Necromancy/Earth             5
   d - Death Channel                  Necromancy                   6
   e - Simulacrum                     Ice/Necromancy               6
Miscellaneous
 M - a phantom mirror
Comestibles
 f - 37 rations


   Skills:
 - Level 14.3 Fighting
 + Level 18.2 Axes
 + Level 15.7 Armour
 + Level 11.6 Dodging
 + Level 13.0 Shields


You had 9 spell levels left.
You knew the following spells:

 Your Spells              Type           Power        Failure   Level  Hunger
a - Animate Skeleton      Necr           N/A          98%         1    ##.....
b - Animate Dead          Necr           N/A          100%        4    #####..
c - Vampiric Draining     Necr           #.........   100%        3    ####...


Dungeon Overview and Level Annotations

Branches:
Dungeon (15/15)            Temple (0/1) D:5            Lair (6/6) D:8
 Shoals (4/4) Lair:2       Spider (0/4) Lair:3        Slime (0/5) Lair:5
    Orc (2/2) D:11            Elf (0/3) Orc:2        Vaults (0/5) D:13
 Depths (0/5) D:15

Altars:
Cheibriados
Dithmenos
Fedhas
Gozag
Hepliaklqana
Makhleb
Sif Muna
Trog
Uskayaw
The Shining One
Beogh
Jiyva

Shops:
D:9 (   D:12 =   D:13 !*(%?   Orc:2 [(?}%[   Lair:2 [   Lair:6 [   Shoals:2 }

Portals:
Pandemonium: Orc:2

Annotations:
Shoals:3 Bai Suzhen


Innate Abilities, Weirdness & Mutations

You cannot be hasted, slowed, berserked, paralysed or teleported.
You can dig through walls and to a lower floor.
Your four strong arms can wield two-handed weapons with a shield.
You have a pair of large antennae on your head. (SInv)


Message History

A tentacle segment bursts forth from the water.
The barbed spikes dig painfully into your body as you move.
* * * LOW HITPOINT WARNING * * *
Bai Suzhen roars, "Even the heavens can't separate us forever!"
You feel much better.
You are standing in a thunderstorm.
You are struck by lightning!
Bai Suzhen bites you! Bai Suzhen barely misses you.
Bai Suzhen tramples you but does no damage.
Something bites the plant but does no damage.
Something claws the plant.
Something claws the plant but does no damage.
You hit Bai Suzhen but do no damage.
Bai Suzhen is severely wounded.
Bai Suzhen breathes water at you. The torrent of water hits you!
* * * LOW HITPOINT WARNING * * *
You are knocked back by the torrent of water.
You slam into the rock wall!
You die...
Your body crumbles into a pile of gold.

≈≈≈≈≈≈≈≈≈≈≈≈≈≈≈≈≈≈≈≈≈≈≈≈≈≈≈≈≈≈≈≈≈
≈≈≈≈≈≈≈≈≈≈≈≈X≈≈≈≈≈≈≈≈≈≈≈≈≈≈≈≈≈≈≈≈
≈≈≈≈≈≈≈≈≈≈{PP≈≈≈≈≈≈≈≈≈≈≈≈≈≈≈≈≈≈≈≈
≈≈≈≈≈≈≈≈≈≈≈\≈≈P≈PP≈≈≈≈≈≈≈≈≈≈≈≈≈≈≈
≈≈≈≈≈≈≈≈≈≈≈*──P≈PPP≈≈≈≈≈≈≈≈≈≈≈≈≈≈
≈≈≈≈≈≈≈≈≈≈.H.{──§≈≈≈≈≈≈≈≈≈≈≈≈≈≈≈≈
≈≈≈≈≈≈≈≈≈..####≈\)≈≈≈≈≈≈≈≈≈≈≈≈≈≈≈
≈≈≈≈≈≈≈≈≈≈.# ##Dw≈≈≈≈≈≈≈≈≈≈≈≈≈≈≈
≈≈≈≈≈≈≈≈≈≈.#####@§.≈≈≈≈≈≈≈≈≈≈≈≈≈≈
≈≈≈≈≈≈≈≈≈≈!...###....≈≈≈≈≈≈≈≈≈≈≈≈
≈≈≈≈≈≈≈≈≈≈≈...# ##.....≈≈≈≈≈≈≈≈≈≈
≈≈≈≈≈≈≈≈≈≈≈...####...(..≈≈≈≈≈≈≈≈≈
≈≈≈≈≈≈≈≈≈≈≈≈...##.......≈≈≈≈≈≈≈≈≈
≈≈≈≈≈≈≈≈≈≈..###.#...##..≈≈≈≈≈≈≈≈≈
≈≈≈≈≈≈≈...[## ##..[###..≈≈≈≈≈≈≈≈≈
≈≈≈..≈≈...## ##<.###.≈≈≈≈≈≈≈≈≈≈
≈≈≈.....### ##....≈≈≈≈≈≈≈≈≈≈≈


You could see a kraken, Bai Suzhen and a tentacle.

Vanquished Creatures
  An Ice Fiend (IceCv)
  Kirke (D:13)
  Polyphemus (Shoals:2)
  Louise (D:15)
  4 merfolk javelineers
  An ettin (shapeshifter) (D:13)
  An ettin (Orc:1)
  11 merfolk impalers
  4 hydras
  An ice dragon (Shoals:3)
  2 rakshasas
  3 catoblepae
  An alligator snapping turtle (Shoals:2)
  4 merfolk avatars
  A death knight (D:15)
  2 centaur warriors
  11 two-headed ogres
  3 merfolk aquamancers (Shoals:2)
  Urug (D:13)
  4 death yaks (Shoals:2)
  8 orc high priests
  4 skeletal warriors (D:15)
  A sixfirhy (Orc:2)
  3 unseen horrors
  A gelid demonspawn (Orc:2)
  9 sea snakes
  A kraken simulacrum (Shoals:4)
  A torturous demonspawn (Orc:2)
  A glowing orange brain (D:15)
  A wizard (D:14)
  8 harpies
  5 orc knights
  4 orc sorcerers (Orc:2)
  17 manticores
  16 ugly things
  7 cyclopes
  3 fauns
  2 oklob plants
  A deep elf mage (D:14)
  An elephant (shapeshifter) (D:15)
  9 merfolk sirens
  10 elephants
  A black mamba (shapeshifter) (D:13)
  6 black mambas
  Joseph (Lair:1)
  3 water nymphs
  11 spiny frogs
  An orange demon (Orc:2)
  4 yaktaurs (D:15)
  6 komodo dragons
  4 freezing wraiths (IceCv)
  A rime drake (shapeshifter) (D:15)
  A red devil (Orc:2)
  An efreet (D:15)
  A golden dragon simulacrum (IceCv)
  3 anaconda simulacra (IceCv)
  6 ice devils (IceCv)
  2 queen bees
  19 merfolk
  A meliai (shapeshifter) (D:15)
  3 meliai (D:14)
  A jumping spider (Lair:3)
  2 hornets (Lair:6)
  5 trolls
  The ghost of Jerry the Shield-Bearer, an amateur FoFi (D:4)
  3 wind drakes
  6 polar bears
  A raiju (shapeshifter) (D:13)
  A wind drake (shapeshifter) (D:13)
  8 snapping turtles
  20 dream sheep
  7 blink frogs
  8 slime creatures
  15 hippogriffs
  13 spriggans
  A shadow (D:12)
  6 water elementals
  3 tarantellas (Orc:1)
  A wyvern (shapeshifter) (D:15)
  2 hogs (D:13)
  7 wyverns
  A redback (Orc:1)
  A vampire (D:12)
  A ynoxinul (Orc:2)
  47 yaks
  2 dire elephant simulacra (IceCv)
  A hungry ghost (D:15)
  The ghost of Thargor the Charmwright, an amateur GnSk (D:3)
  A wraith (D:10)
  4 basilisks
  A steam dragon (D:11)
  4 vampire mosquitoes (D:14)
  2 death yak simulacra (IceCv)
  3 harpy simulacra (IceCv)
  10 wargs
  Menkaure (D:6)
  An iron troll simulacrum (IceCv)
  15 water moccasins
  4 hydra simulacra (IceCv)
  An acid dragon (D:11)
  A water moccasin (shapeshifter) (D:15)
  Duvessa (D:6)
  16 porcupines
  2 soldier ants (D:14)
  5 ice beasts
  40 orc warriors
  4 black bears
  A phantom (D:10)
  7 sky beasts
  An ettin simulacrum (IceCv)
  2 eyes of draining
  7 ogres
  9 boggarts
  4 necrophages
  36 wolves
  18 centaurs
  11 crocodiles
  A big kobold (D:10)
  19 bullfrogs
  2 wyvern zombies
  A water moccasin skeleton (D:7)
  A swamp dragon simulacrum (IceCv)
  2 scorpions
  2 wyvern skeletons
  Dowan (D:6)
  61 killer bees
  2 electric eels
  7 wights
  6 crimson imps
  3 draconian simulacra (IceCv)
  5 centaur zombies
  2 quasits
  A bullfrog zombie (D:9)
  8 jellies
  34 orc priests
  4 centaur skeletons
  7 hounds
  27 orc wizards
  7 iguanas
  8 worker ants
  A hell rat (Lair:2)
  3 troll simulacra (IceCv)
  A wolf simulacrum (IceCv)
  2 centaur simulacra (IceCv)
  A hound zombie (D:7)
  A hound skeleton (D:11)
  8 mummies (Ossuary)
  3 worker ant zombies
  3 howler monkey skeletons
  3 gnolls (D:5)
  An ogre simulacrum (IceCv)
  20 adders
  A naga simulacrum (IceCv)
  4 shadow imps
  8 white imps (IceCv)
  9 oozes
  3 worms (D:3)
  A dart slug (D:3)
  4 leopard geckos
  91 orcs
  5 bats
  9 giant cockroaches
  5 goblins
  9 hobgoblins
  4 jackals (D:7)
  4 quokkas
  A ball python (D:8)
  9 frilled lizards
  2 hobgoblin zombies (Ossuary)
  8 kobolds
  3 kobold zombies (Ossuary)
  2 leopard gecko skeletons
  3 orc zombies (Ossuary)
  A quokka skeleton (D:4)
  7 rats
  4 fungi
  12 plants
1090 creatures vanquished.

Vanquished Creatures (others)
  A white imp (IceCv)
  2 ufetubi (IceCv)
  11 fungi
  11 plants
  6 tentacles
31 creatures vanquished.

Grand Total: 1121 creatures vanquished

Notes
Turn   | Place    | Note
-------+----------+-------------------------------------------
     0 | D:1      | Jerry the Formicid Fighter began the quest for the Orb.
     0 | D:1      | Reached XP level 1. HP: 18/18 MP: 1/1
   276 | D:1      | Reached XP level 2. HP: 24/24 MP: 2/2
  1108 | D:2      | Reached XP level 3. HP: 27/29 MP: 3/3
  1276 | D:2      | Found a faded altar of an unknown god.
  1276 | D:2      | Found a hide-covered altar of Uskayaw.
  1282 | D:2      | Found a deep blue altar of Sif Muna.
  1284 | D:2      | Found a faded altar of an unknown god.
  1286 | D:2      | Found a snail-covered altar of Cheibriados.
  2034 | D:3      | Reached XP level 4. HP: 21/37 MP: 4/4
  2243 | D:3      | Reached skill level 3 in Axes
  2713 | D:3      | Reached XP level 5. HP: 40/42 MP: 5/5
  2733 | D:3      | Noticed Thargor's ghost (amateur GnSk)
  2750 | D:3      | Killed Thargor's ghost
  2750 | D:3      | Reached skill level 4 in Axes
  2750 | D:3      | Reached XP level 6. HP: 19/48 MP: 6/6
  3028 | D:3      | Found a faded altar of an unknown god.
  3786 | D:4      | Reached skill level 5 in Shields
  4139 | D:4      | Noticed Jerry's ghost (amateur FoFi)
  4146 | D:4      | Killed Jerry's ghost
  4146 | D:4      | Reached skill level 5 in Axes
  4146 | D:4      | Reached XP level 7. HP: 21/55 MP: 7/7
  4412 | D:4      | Reached skill level 5 in Fighting
  4412 | D:4      | Reached skill level 5 in Armour
  4884 | D:5      | Entered Level 5 of the Dungeon
  4979 | D:5      | Found a sand-covered staircase.
  4986 | Ossuary  | Entered an ossuary
  5234 | Ossuary  | Reached XP level 8. HP: 47/62 MP: 8/8
  5597 | D:5      | Found an opulent altar of Gozag.
  5622 | D:5      | Became a worshipper of Gozag Ym Sagoz the Greedy
  5634 | D:5      | Found a shadowy altar of Dithmenos.
  6188 | D:5      | Reached skill level 6 in Axes
  6342 | D:5      | Found a staircase to the Ecumenical Temple.
  6531 | D:6      | Noticed Menkaure
  6534 | D:6      | Killed Menkaure
  6577 | D:6      | Reached XP level 9. HP: 40/68 MP: 9/9
  6594 | D:6      | Reached skill level 7 in Axes
  6623 | D:6      | Noticed Dowan
  6635 | D:6      | Noticed Duvessa
  6638 | D:6      | Killed Dowan
  6649 | D:6      | Killed Duvessa
  7769 | D:7      | Reached skill level 8 in Axes
  7832 | D:7      | Found a bloodstained altar of Trog.
  8446 | D:7      | Reached XP level 10. HP: 78/78 MP: 10/10
  8710 | D:8      | Found a staircase to the Lair.
  8908 | D:8      | Reached skill level 9 in Axes
  9080 | D:8      | Found a blossoming altar of Fedhas.
  9118 | D:8      | Found a glowing golden altar of the Shining One.
  9272 | D:8      | Noticed a two-headed ogre
  9325 | D:8      | HP: 1/79 [two-headed ogre/giant club (16)]
 10249 | D:9      | Noticed a manticore
 10257 | D:9      | Killed a manticore
 10376 | D:9      | Found a burning altar of Makhleb.
 10464 | D:9      | Reached skill level 10 in Axes
 10473 | D:9      | Reached XP level 11. HP: 49/84 MP: 11/11
 10930 | D:10     | Entered Level 10 of the Dungeon
 11191 | D:10     | Noticed an unseen horror
 11236 | D:10     | Killed an unseen horror
 11548 | D:10     | Noticed a two-headed ogre
 11566 | D:9      | Bought a dazzling war axe for 187 gold pieces
 11566 | D:9      | Identified the +5 war axe of Destiny {chop, rF+ MP+9 Str+2} (You bought it in a shop on level 9 of the Dungeon)
 11567 | D:9      | Bought a brightly glowing mace for 176 gold pieces
 11568 | D:9      | Identified the +8 mace of Fury {freeze, rF+ Str+3 Int+3} (You bought it in a shop on level 9 of the Dungeon)
 11604 | D:10     | Killed a two-headed ogre
 12011 | D:10     | Got a dazzling leather armour
 12077 | D:10     | Identified the cursed +1 leather armour of the Accordion {rF- MR+ Int+2} (You found it on level 10 of the Dungeon)
 12219 | D:10     | Reached skill level 11 in Axes
 12229 | D:11     | Reached skill level 1 in Dodging
 12427 | D:8      | Killed a two-headed ogre
 12446 | Lair:1   | Entered Level 1 of the Lair of Beasts
 12529 | Lair:1   | Noticed Joseph
 12542 | Lair:1   | Killed Joseph
 12542 | Lair:1   | Reached XP level 12. HP: 92/93 MP: 12/12
 12620 | Lair:1   | Noticed a four-headed hydra
 12629 | Lair:1   | Killed a four-headed hydra
 13080 | Lair:1   | Reached skill level 12 in Axes
 13080 | Lair:1   | Reached skill level 10 in Armour
 13291 | Lair:1   | Reached skill level 10 in Fighting
 13716 | Lair:2   | Bought a +1 shield of poison resistance for 162 gold pieces
 13834 | Lair:2   | Got a scorched scale mail
 14160 | Lair:2   | Reached XP level 13. HP: 75/101 MP: 13/13
 14362 | Lair:2   | Reached skill level 13 in Axes
 14543 | Lair:2   | Found a staircase to the Shoals.
 14622 | Lair:2   | Reached skill level 5 in Dodging
 14910 | Lair:2   | Identified the +1 scale mail "Usadej" {rPois} (You found it on level 2 of the Lair of Beasts)
 14919 | Lair:2   | Bought +1 gold dragon scales for 1044 gold pieces
 15217 | Lair:3   | Found a hole to the Spider Nest.
 15222 | Lair:3   | Noticed a five-headed hydra
 15236 | Lair:3   | Killed a five-headed hydra
 17271 | Lair:5   | Reached skill level 14 in Axes
 17380 | Lair:5   | Found a hazy altar of Hepliaklqana.
 17675 | Lair:5   | Reached XP level 14. HP: 110/111 MP: 14/14
 17953 | Lair:5   | Found a viscous altar of Jiyva.
 17954 | Lair:5   | Found a staircase to the Slime Pits.
 18012 | Lair:6   | Entered Level 6 of the Lair of Beasts
 19302 | Lair:6   | Reached skill level 15 in Axes
 19844 | Lair:6   | Bought a glowing large shield for 210 gold pieces
 19844 | Lair:6   | Bought a pair of glowing gloves for 210 gold pieces
 20187 | D:11     | Found a staircase to the Orcish Mines.
 20625 | D:11     | Reached XP level 15. HP: 119/119 MP: 15/15
 20847 | D:11     | Got a translucent hand axe {chop}
 20849 | D:11     | Identified the cursed +1 hand axe of the Mosquito {chop, rN+ MR+} (You took it off a centaur on level 11 of the Dungeon)
 21554 | D:12     | Identified a scroll of acquirement
 21720 | D:13     | Found Seadawyu's Assorted Antiques.
 21723 | D:13     | Bought a scroll labeled IXIUWI DOGASU for 40 gold pieces
 21723 | D:13     | Bought a scroll of identify for 80 gold pieces
 21723 | D:13     | Bought a scroll of identify for 80 gold pieces
 21723 | D:13     | Bought a scroll of identify for 80 gold pieces
 21731 | D:13     | Got a scorched golden ring
 21732 | D:13     | Identified the ring "Vyicuin" {rPois rN+} (You acquired it on level 13 of the Dungeon)
 21827 | D:13     | Found Zuregh's Food Boutique.
 21830 | D:13     | Bought a ration for 55 gold pieces
 21830 | D:13     | Bought a ration for 55 gold pieces
 21830 | D:13     | Bought a ration for 55 gold pieces
 21830 | D:13     | Bought a ration for 55 gold pieces
 21830 | D:13     | Bought a ration for 55 gold pieces
 21910 | D:13     | Noticed Urug
 21929 | D:13     | Killed Urug
 21988 | D:13     | Found Houcit's Magic Scroll Shop.
 21991 | D:13     | Bought a scroll of identify for 24 gold pieces
 22005 | D:13     | Found a gate to the Vaults.
 22033 | D:13     | Reached skill level 16 in Axes
 22126 | D:13     | Found Fihito's Antique Weapon Shop.
 22258 | D:13     | Noticed Kirke
 22273 | D:13     | Killed Kirke
 22276 | D:13     | Found Vemapneo's Distillery.
 22374 | D:13     | Bought a potion of lignification for 33 gold pieces
 22374 | D:13     | Bought a potion of curing for 33 gold pieces
 23512 | D:15     | Entered Level 15 of the Dungeon
 23853 | D:15     | Reached XP level 16. HP: 116/128 MP: 16/16
 24421 | D:15     | Noticed Louise
 24446 | D:15     | Killed Louise
 24505 | D:15     | Got a pair of distressingly furry gloves
 24506 | D:15     | Identified the +5 pair of gloves of Utaanais {Str+3} (You found it on level 15 of the Dungeon)
 24665 | D:15     | Found a staircase to the Depths.
 24771 | D:15     | Reached skill level 17 in Axes
 24924 | D:15     | Learned a level 1 spell: Animate Skeleton
 24929 | D:15     | Learned a level 4 spell: Animate Dead
 24933 | D:15     | Learned a level 3 spell: Vampiric Draining
 25071 | Orc:1    | Entered Level 1 of the Orcish Mines
 25563 | Orc:1    | Reached skill level 10 in Shields
 26196 | Orc:2    | Entered Level 2 of the Orcish Mines
 26196 | Orc:2    | Found a roughly hewn altar of Beogh.
 26222 | Orc:2    | Found a roughly hewn altar of Beogh.
 26476 | Orc:2    | Found Coagyotaet's Food Emporium.
 26723 | Orc:2    | Found Zurept's Antique Armour Boutique.
 26834 | Orc:2    | Bought a polished plate armour for 672 gold pieces
 26834 | Orc:2    | Bought a pair of runed gloves for 180 gold pieces
 26834 | Orc:2    | Identified the +5 plate armour "Rinyblips" {Dex+4} (You bought it in a shop on level 2 of the Orcish Mines)
 26935 | Orc:2    | Found a staircase to the Elven Halls.
 27286 | Orc:2    | Found Dalyer's Magic Scroll Shoppe.
 27673 | Orc:2    | Bought a scroll of torment for 82 gold pieces
 27673 | Orc:2    | Bought a scroll of identify for 22 gold pieces
 27673 | Orc:2    | Bought a scroll of enchant armour for 82 gold pieces
 27673 | Orc:2    | Bought a scroll of enchant weapon for 82 gold pieces
 27673 | Orc:2    | Bought a scroll of enchant armour for 82 gold pieces
 27927 | Orc:2    | Reached skill level 10 in Dodging
 28034 | Orc:2    | Reached XP level 17. HP: 101/136 MP: 17/17
 28168 | Orc:2    | Found Bedgh's Antique Weapon Shop.
 28168 | Orc:2    | Found Xiepasun's Gadget Boutique.
 28169 | Orc:2    | Found a one-way gate leading to the halls of Pandemonium.
 28453 | Orc:2    | Bought a pair of spiked boots for 351 gold pieces
 28454 | Orc:2    | Identified the +2 pair of boots "Xoshrylia" {rElec rC- Dex-5 Slay+4} (You bought it in a shop on level 2 of the Orcish Mines)
 28713 | Shoals:1 | Entered Level 1 of the Shoals
 29503 | Shoals:2 | Noticed Polyphemus
 29793 | Shoals:2 | Killed Polyphemus
 30156 | Shoals:2 | Found Rynawk's Gadget Shop.
 30257 | Shoals:2 | Reached skill level 15 in Armour
 31273 | Shoals:3 | Found a frozen archway.
 31289 | IceCv    | Entered an ice cave
 31409 | IceCv    | Reached XP level 18. HP: 147/147 MP: 18/18
 31653 | IceCv    | Noticed an Ice Fiend
 31664 | IceCv    | Reached skill level 18 in Axes
 31697 | IceCv    | Killed an Ice Fiend
 32349 | IceCv    | Got a translucent mace
 32356 | IceCv    | Identified the +4 mace of Dried Tears {freeze, rF++ MP-9 Int+3 Dex+4} (You found it in an ice cave)
 32817 | Shoals:4 | Entered Level 4 of the Shoals
 33374 | Shoals:4 | Got a barnacled rune of Zot
 33652 | Shoals:4 | Noticed Bai Suzhen
 33759 | Shoals:3 | Noticed a kraken
 33764 | Shoals:3 | Collided with a rock wall

Skill      XL: |  1  2  3  4  5  6  7  8  9 10 11 12 13 14 15 16 17 18 |
---------------+-------------------------------------------------------+-----
Shields        | 4 5 6 7 9 10 12 13 | 13.0
Axes           | 3 4 5 6 8 10 11 12 14 15 16 17 18 | 18.2
Fighting       | 4 5 6 7 8 9 10 11 12 13 14 | 14.3
Armour         | 4 5 6 7 8 9 10 11 12 13 14 15 | 15.7
Dodging        | 2 4 6 7 9 10 11 | 11.6

Action                   |  1- 3 |  4- 6 |  7- 9 | 10-12 | 13-15 | 16-18 || total
-------------------------+-------+-------+-------+-------+-------+-------++-------
Melee: War axe           |   115 |   155 |   448 |   822 |  1520 |  1693 ||  4753
       Mace              |       |       |       |     6 |    25 |    48 ||    79
Invok: Call Merchant     |       |       |       |     2 |     2 |     1 ||     5
 Abil: Dig               |       |       |       |     5 |    29 |    17 ||    51
       Evoke Flight      |       |       |       |       |       |    47 ||    47
Evoke: Wand              |       |       |       |    10 |     1 |     8 ||    19
  Use: Potion            |       |     2 |     2 |     2 |       |     3 ||     9
       Scroll            |       |       |    11 |     4 |    20 |    10 ||    45
 Stab: Distracted        |       |       |       |     5 |     9 |     4 ||    18
       Invisible         |       |       |       |     1 |       |       ||     1
       Petrified         |       |       |       |       |       |     9 ||     9
  Eat: Chunk             |     2 |     8 |     5 |       |       |       ||    15
       Ration            |       |       |     3 |     6 |    11 |    13 ||    33
Armor: Scale mail        |    77 |    82 |   215 |   119 |       |       ||   493
       Plate armour      |       |       |       |   206 |    36 |       ||   242
       Gold dragon scale |       |       |       |       |   649 |   809 ||  1458
Dodge: Dodged            |    80 |    88 |   218 |   265 |   276 |   354 ||  1281
Block: Buckler           |       |       |    37 |    98 |       |       ||   135
       Shield            |       |       |       |   290 |   716 |   854 ||  1860
